General information
- name: BNet
- type: Ladder team game (AT/RT)
- host: Battle.net
- saver: NUTSONYOCHIN.de
map: GoldRush
- players: 8
- length: 16:31
- speed: Fast
- version: 1.21 W3XP
- replay type:

» download(166 KB)
Players
team 1 (winner)
AlasPoorYorick (
yellow | 103 APM | 1706 actions | 16:30)
4 Goblin Tinker
2 Pocket Factory
2 Engineering Upgrade
» actions
| Assign group hotkey | 9 | |
| Basic commands | 50 | |
| Build / train | 58 | |
| ESC pressed | 2 | |
| Enter build submenu | 21 | |
| Enter hero's abilities submenu | 4 | |
| Right click | 1036 | |
| Select / deselect | 277 | |
| Select group hotkey | 207 | |
| Use ability | 42 | |
1706 total
» units
» upgrades
| Strength of the Wild | 2 | |
| Reinforced Hides | 2 | |
| Ultravision | 1 | |
5 total
» buildings
| Moon Well | 6 | |
| Tree of Life | 2 | |
| Ancient of War | 4 | |
| Altar of Elders | 1 | |
| Hunter's Hall | 2 | |
| Tree of Ages | 1 | |
| Ancient of Wonders | 1 | |
| Ancient of Wind | 3 | |
| Tree of Eternity | 1 | |
21 total
» build order
00:20 Moon Well
00:59 Tree of Life
01:37 Ancient of War
01:48 Altar of Elders
02:16 Moon Well
03:18 Ancient of War
03:27 Ancient of War
04:34 Ancient of War
05:05 Hunter's Hall
06:03 Tree of Ages
06:06 Hunter's Hall
06:22 Moon Well
08:24 Ancient of Wonders
08:34 Ancient of Wind
08:37 Ancient of Wind
08:41 Ancient of Wind
09:42 Moon Well
10:10 Tree of Life
10:29 Moon Well
14:30 Tree of Eternity
14:42 Moon Well
CRYTEARSOFBLOOD (
blue | 139 APM | 2302 actions | 16:30)
4 Archmage
2 Summon Water Elemental
2 Brilliance Aura
» actions
| Assign group hotkey | 25 | |
| Basic commands | 37 | |
| Build / train | 97 | |
| ESC pressed | 10 | |
| Enter build submenu | 33 | |
| Enter hero's abilities submenu | 4 | |
| Give item / drop item | 1 | |
| Remove unit from queue | 1 | |
| Right click | 1083 | |
| Select / deselect | 496 | |
| Select group hotkey | 393 | |
| Use ability | 122 | |
2302 total
» units
» upgrades
| Masonry | 2 | |
| Lumber Harvesting | 1 | |
3 total
» buildings
| Altar of Kings | 1 | |
| Farm | 4 | |
| Scout Tower | 22 | |
| Arcane Tower | 6 | |
| Keep | 7 | |
| Lumber Mill | 1 | |
| Guard Tower | 24 | |
| Arcane Vault | 1 | |
| Blacksmith | 1 | |
| Workshop | 2 | |
| Castle | 3 | |
72 total
» build order
00:07 Altar of Kings
00:11 Farm
01:05 Farm
03:51 Scout Tower
03:55 Scout Tower
03:58 Scout Tower
04:14 Arcane Tower
04:14 Arcane Tower
04:16 Scout Tower
04:17 Keep
04:17 Keep
04:17 Keep
04:22 Lumber Mill
04:24 Scout Tower
04:37 Arcane Tower
04:37 Arcane Tower
04:52 Scout Tower
05:01 Arcane Tower
05:01 Arcane Tower
05:02 Scout Tower
05:35 Guard Tower
05:38 Scout Tower
05:40 Scout Tower
05:47 Arcane Vault
06:11 Guard Tower
06:14 Farm
06:23 Keep
06:23 Keep
06:23 Keep
06:51 Guard Tower
06:51 Guard Tower
07:52 Scout Tower
07:54 Scout Tower
08:08 Guard Tower
08:08 Guard Tower
08:09 Guard Tower
08:10 Scout Tower
08:16 Guard Tower
08:26 Scout Tower
08:26 Guard Tower
08:27 Guard Tower
08:27 Guard Tower
08:29 Scout Tower
08:48 Guard Tower
08:48 Guard Tower
08:51 Scout Tower
08:52 Scout Tower
09:04 Guard Tower
09:04 Guard Tower
09:18 Scout Tower
09:19 Scout Tower
09:34 Guard Tower
09:39 Guard Tower
09:57 Blacksmith
10:16 Scout Tower
10:27 Scout Tower
10:32 Scout Tower
11:28 Workshop
11:31 Workshop
12:26 Farm
13:23 Guard Tower
13:23 Guard Tower
14:10 Guard Tower
14:13 Guard Tower
14:16 Guard Tower
14:47 Scout Tower
15:37 Castle
15:37 Castle
» items
| Lesser Clarity Potion | 1 | |
| Ivory Tower | 5 | |
| Scroll of Town Portal | 2 | |
| Potion of Healing | 2 | |
| Scroll of Regeneration | 2 | |
| Staff of Teleportation | 1 | |
| Boots of Speed | 1 | |
14 total
iggy_the_fisk (
purple | 119 APM | 1968 actions | 16:30)
4 Archmage
2 Summon Water Elemental
2 Brilliance Aura
3 Mountain King
2 Storm Bolt
1 Bash
» actions
| Assign group hotkey | 159 | |
| Basic commands | 28 | |
| Build / train | 98 | |
| Enter build submenu | 43 | |
| Enter hero's abilities submenu | 7 | |
| Give item / drop item | 3 | |
| Right click | 943 | |
| Select / deselect | 363 | |
| Select group hotkey | 188 | |
| Use ability | 136 | |
1968 total
» units
| Peasant | 31 | |
| Sorceress | 8 | |
| Priest | 7 | |
| Spell Breaker | 3 | |
49 total
» upgrades
| Masonry | 2 | |
| Sorceress Training | 2 | |
| Magic Sentry | 1 | |
5 total
» buildings
| Altar of Kings | 1 | |
| Farm | 7 | |
| Lumber Mill | 1 | |
| Scout Tower | 27 | |
| Guard Tower | 23 | |
| Keep | 3 | |
| Arcane Sanctum | 2 | |
| Town Hall | 1 | |
| Arcane Vault | 1 | |
| Castle | 4 | |
| Arcane Tower | 1 | |
71 total
» build order
00:03 Altar of Kings
00:08 Farm
01:07 Farm
02:24 Lumber Mill
02:49 Farm
03:14 Scout Tower
03:54 Guard Tower
03:54 Scout Tower
04:22 Guard Tower
04:30 Scout Tower
04:31 Scout Tower
04:42 Scout Tower
04:48 Scout Tower
05:08 Guard Tower
05:14 Guard Tower
05:29 Scout Tower
05:46 Guard Tower
05:48 Keep
05:49 Keep
05:50 Scout Tower
05:55 Guard Tower
05:55 Guard Tower
05:59 Scout Tower
06:14 Guard Tower
06:23 Guard Tower
06:26 Scout Tower
06:27 Scout Tower
06:28 Scout Tower
06:29 Scout Tower
06:39 Scout Tower
07:11 Guard Tower
07:27 Scout Tower
07:32 Guard Tower
07:36 Scout Tower
08:16 Guard Tower
08:18 Arcane Sanctum
08:20 Arcane Sanctum
08:38 Farm
08:39 Farm
08:50 Town Hall
08:54 Guard Tower
08:56 Scout Tower
09:27 Guard Tower
09:31 Scout Tower
09:33 Scout Tower
09:34 Scout Tower
10:00 Farm
10:11 Guard Tower
10:35 Guard Tower
11:30 Arcane Vault
11:58 Scout Tower
12:12 Guard Tower
12:13 Scout Tower
12:31 Guard Tower
12:43 Scout Tower
13:07 Scout Tower
13:13 Guard Tower
13:42 Castle
13:42 Castle
13:42 Castle
14:36 Arcane Tower
14:40 Scout Tower
14:54 Farm
15:08 Guard Tower
15:09 Scout Tower
15:52 Guard Tower
15:54 Scout Tower
» items
NUTSONYOCHIN.de (
red | 97 APM | 1604 actions | 16:31)
4 Goblin Tinker
2 Pocket Factory
2 Engineering Upgrade
» actions
| Assign group hotkey | 22 | |
| Basic commands | 34 | |
| Build / train | 49 | |
| ESC pressed | 1 | |
| Enter build submenu | 15 | |
| Enter hero's abilities submenu | 4 | |
| Right click | 770 | |
| Select / deselect | 200 | |
| Select group hotkey | 467 | |
| Use ability | 42 | |
1604 total
» units
» upgrades
| Improved Bows | 1 | |
| Strength of the Wild | 1 | |
| Ultravision | 1 | |
| Abolish Magic | 1 | |
4 total
» buildings
| Tree of Life | 2 | |
| Altar of Elders | 2 | |
| Moon Well | 6 | |
| Tree of Ages | 2 | |
| Ancient of War | 2 | |
| Hunter's Hall | 1 | |
| Ancient of Lore | 2 | |
17 total
» build order
01:07 Tree of Life
01:09 Altar of Elders
01:38 Moon Well
04:09 Tree of Ages
04:09 Tree of Ages
04:25 Ancient of War
04:25 Ancient of War
04:27 Moon Well
04:47 Altar of Elders
04:50 Moon Well
05:38 Moon Well
08:00 Hunter's Hall
09:15 Moon Well
09:58 Moon Well
12:49 Ancient of Lore
12:50 Ancient of Lore
13:51 Tree of Life
team 2 (loser)
Dudekziompl (
orange | 50 APM | 822 actions | 16:30)
3 Blademaster
2 Critical Strike
1 Wind Walk
3 Shadow Hunter
2 Serpent Ward
1 Healing Wave
» actions
| Assign group hotkey | 14 | |
| Basic commands | 1 | |
| Build / train | 42 | |
| Enter build submenu | 11 | |
| Enter hero's abilities submenu | 6 | |
| Remove unit from queue | 1 | |
| Right click | 479 | |
| Select / deselect | 174 | |
| Select group hotkey | 37 | |
| Use ability | 57 | |
822 total
» units
| Peon | 13 | |
| Grunt | 2 | |
| Raider | 7 | |
| Troll Batrider | 4 | |
26 total
» upgrades
» buildings
| Altar of Storms | 1 | |
| Orc Burrow | 5 | |
| Barracks | 1 | |
| Stronghold | 1 | |
| Beastiary | 2 | |
| War Mill | 1 | |
| Voodoo Lounge | 1 | |
12 total
» build order
00:06 Altar of Storms
00:18 Orc Burrow
00:28 Barracks
01:53 Orc Burrow
02:48 Stronghold
05:35 Beastiary
05:39 Orc Burrow
06:21 War Mill
06:40 Orc Burrow
07:25 Beastiary
07:41 Voodoo Lounge
11:17 Orc Burrow
» items
| Healing Salve | 1 | |
| Scroll of Speed | 1 | |
| Scroll of Town Portal | 1 | |
| Potion of Healing | 1 | |
4 total

»
No]I[One (
pink | 92 APM | 1501 actions | 16:13)
3 Blademaster
2 Wind Walk
1 Critical Strike
» actions
| Assign group hotkey | 4 | |
| Build / train | 31 | |
| Enter build submenu | 20 | |
| Enter hero's abilities submenu | 3 | |
| Give item / drop item | 1 | |
| Remove unit from queue | 2 | |
| Right click | 1137 | |
| Select / deselect | 167 | |
| Select group hotkey | 95 | |
| Use ability | 41 | |
1501 total
» units
» buildings
| Altar of Storms | 3 | |
| Orc Burrow | 4 | |
| War Mill | 1 | |
| Barracks | 1 | |
| Watch Tower | 7 | |
| Voodoo Lounge | 1 | |
17 total
» build order
00:11 Altar of Storms
00:21 Orc Burrow
01:26 War Mill
01:37 Barracks
01:48 Orc Burrow
02:41 Watch Tower
02:54 Watch Tower
03:06 Voodoo Lounge
03:41 Watch Tower
03:59 Watch Tower
09:13 Orc Burrow
09:41 Orc Burrow
11:29 Altar of Storms
13:11 Altar of Storms
14:21 Watch Tower
14:23 Watch Tower
14:26 Watch Tower
» items
| Healing Salve | 1 | |
| Lesser Clarity Potion | 1 | |
| Scroll of Speed | 1 | |
3 total
POLAND[PL] (
green | 75 APM | 1216 actions | 16:17)
5 Death Knight
3 Death Coil
2 Unholy Aura
» actions
| Assign group hotkey | 11 | |
| Build / train | 46 | |
| Enter build submenu | 15 | |
| Enter hero's abilities submenu | 5 | |
| Right click | 734 | |
| Select / deselect | 295 | |
| Select group hotkey | 74 | |
| Use ability | 36 | |
1216 total
» units
| Acolyte | 5 | |
| Ghoul | 4 | |
| Gargoyle | 16 | |
| Frost Wyrm | 4 | |
29 total
» upgrades
» buildings
| Altar of Darkness | 1 | |
| Crypt | 3 | |
| Halls of the Dead | 2 | |
| Ziggurat | 6 | |
| Graveyard | 1 | |
| Black Citadel | 1 | |
| Spirit Tower | 2 | |
| Sacrificial Pit | 1 | |
| Boneyard | 2 | |
| Tomb of Relics | 1 | |
20 total
» build order
00:31 Altar of Darkness
00:35 Crypt
00:36 Halls of the Dead
00:36 Halls of the Dead
00:52 Ziggurat
00:59 Graveyard
01:03 Crypt
01:17 Ziggurat
01:47 Crypt
02:27 Ziggurat
02:32 Ziggurat
05:04 Ziggurat
05:06 Ziggurat
06:12 Black Citadel
07:35 Spirit Tower
09:52 Sacrificial Pit
10:46 Boneyard
10:51 Boneyard
11:56 Tomb of Relics
14:00 Spirit Tower
» items
| Healing Salve | 1 | |
| Scroll of Town Portal | 4 | |
5 total
Tor[tF] (
teal | 44 APM | 716 actions | 16:26)
3 Shadow Hunter
2 Serpent Ward
1 Healing Wave
» actions
| Build / train | 18 | |
| Enter build submenu | 3 | |
| Enter hero's abilities submenu | 3 | |
| Right click | 504 | |
| Select / deselect | 145 | |
| Use ability | 43 | |
716 total
» units
» buildings
| Altar of Storms | 1 | |
| Orc Burrow | 1 | |
2 total
» build order
01:29 Altar of Storms
01:34 Orc Burrow
» items
| Healing Salve | 2 | |
| Lesser Clarity Potion | 3 | |
| Scroll of Speed | 3 | |
| Staff of Teleportation | 1 | |
9 total
Chat log
(16:17 / All) AlasPoorYorick: GGGGGG
(16:19 / All) iggy_the_fisk: gg noobs
(16:20 / All) CRYTEARSOFBLOOD: nubs
(16:23 / All) CRYTEARSOFBLOOD: shit noobs